 Dungeon Crawl Stone Soup version 0.22-a0-447-gee5f723 (webtiles) character file.

697 Supreme the Digger (level 7, -8/52 HPs)
             Began as a Formicid Earth Elementalist on June 3, 2018.
             Killed from afar by Edmund (32 damage)
             ... with an exploding inner flame
             ... hexed by the player character
             ... on level 5 of the Dungeon.
             The game lasted 00:37:11 (4622 turns).

Supreme the Digger (Formicid Earth Elementalist)    Turns: 4622, Time: 00:37:12

Health: -8/52      AC:  2    Str: 13    XL:     7   Next: 97%
Magic:  0/13       EV: 13    Int: 21    God:
Gold:   296        SH:  0    Dex: 11    Spells: 3/14 levels left

rFire    . . .     SeeInvis +   r - +3 trident "Kuerraaz" {pierce, Int+5}
rCold    . . .     Gourm    +   (no shield)
rNeg     . . .     Faith    .   c - +0 robe
rPois    .         Spirit   .   (helmet unavailable)
rElec    .         Reflect  .   (no cloak)
rCorr    .         Harm     .   (no gloves)
MR       .....                  (no boots)
Stlth    +++.......             m - amulet of the gourmand
HPRegen  0.17/turn              (no ring)
MPRegen  0.13/turn              (no ring)

@: very slightly contaminated, invisible
A: permanent stasis, dig shafts and tunnels, four strong arms, antennae 3
a: Dig, Shaft Self


You were on level 5 of the Dungeon.
You were completely stuffed.

You visited 1 branch of the dungeon, and saw 5 of its levels.

You collected 296 gold pieces.

Inventory:

Hand Weapons
 i - a +0 mace of protection
 r - the +3 trident "Kuerraaz" (weapon) {pierce, Int+5}
   (You found it on level 4 of the Dungeon)

   It inflicts extra damage upon your enemies.
   It affects your intelligence (+5).
 u - the +5 dagger "Pouwnokh" {antimagic, rPois rN++ MR+ Int-2}
   (You found it on level 5 of the Dungeon)

   It reduces the magical energy of the wielder, and disrupts the spells and
   magical abilities of those hit.
   Natural abilities and divine invocations are not affected.
   It affects your intelligence (-2).
   It protects you from poison.
   It greatly protects you from negative energy.
   It affects your resistance to hostile enchantments.
Missiles
 b - 39 stones (quivered)
 t - 29 arrows
Armour
 c - a +0 robe (worn)
 g - a +0 large shield
 k - a +0 shield
Jewellery
 m - an amulet of the gourmand (around neck)
Scrolls
 a - a scroll of remove curse {@r2}
 e - 5 scrolls of identify {@r1}
 h - 2 scrolls of teleportation
 j - a scroll of amnesia
 l - a scroll of immolation {!r}
Potions
 q - a potion of brilliance
Comestibles
 d - 10 rations


   Skills:
 + Level 3.4 Fighting
 + Level 3.4 Dodging
 + Level 5.0 Stealth
 + Level 4.0 Spellcasting
 - Level 1.1 Transmutations
 * Level 6.4 Earth Magic


You had 3 spell levels left.
You knew the following spells:

 Your Spells              Type           Power        Failure   Level  Hunger
a - Sandblast             Erth           ####..       1%          1    None
b - Passwall              Tmut/Erth      ###.....     3%          2    #......
c - Stone Arrow           Conj/Erth      ###...       10%         3    ###....
d - Lee's Rapid Deconstr  Erth           ####......   24%         5    ######.

Your spell library contained the following spells:

 Spells                   Type           Power        Failure   Level  Hunger
 Petrify                  Tmut/Erth      ###.....     26%         4    ####...


Dungeon Overview and Level Annotations

Branches:
Dungeon (5/15)
 Temple: D:4-7

Altars:
Dithmenos
Gozag
Qazlal
Ru
Trog
Uskayaw
Wu Jian

Annotations:
D:4 exclusion: ogre, Totori's ghost, amateur DEWz
D:5 4 runed doors


Innate Abilities, Weirdness & Mutations

You cannot be hasted, slowed, berserked, paralysed or teleported.
You can dig through walls and to a lower floor.
Your four strong arms can wield two-handed weapons with a shield.
You have a pair of large antennae on your head. (SInv)


Message History

b - 40 stones
Casting: Sandblast (safe; 1% risk of failure)
Confirm with . or Enter, or press ? or * to list all spells.
Aiming: Sandblast (safe; 1% risk of failure)
Press: ? - help, Shift-Dir - straight line, f/p - Edmund
Aim: Edmund, wielding a flail of protection and wearing a chain mail (almost dead, inner flame)
The blast of sand hits Edmund.
Edmund is almost dead.
b - 39 stones Edmund says, "You wouldn't believe how much I paid for this flail."
Edmund hits you with a flail of protection!
Okay, then.
You closely miss Edmund.
Edmund is almost dead.
Edmund closely misses you.
You puncture Edmund!
Edmund explodes!
The fiery explosion engulfs you!
Ouch! That really hurt!
You die...

#.# #.......## #.# #.#
#.####.## #.# ######.# ##.#
#.########.#
#...)..####..####..........#
#.###.#........###########<#
#####.# #...######..# #.#
#.....# #..##.hn.##.# ##.#
#.###.###..#.#### #.# ###...
#.#[.@.....#..#@# #.#
##...#.
#...##++##.'.#ยง##{#@#
##.#.... #..## #######
#.#####.###..# #..# {
##......## ##.# #..# {
#..#####.###..# #..# {
#..######.#.#.# #..#
##.........#... #..## #####{
#.............
##..##++##.'.##
#..########...


There were no monsters in sight!

Vanquished Creatures
  A sky beast (D:5)
  A bullfrog (D:5)
  A crimson imp (D:5)
  A hound (D:5)
  2 orc priests (D:3)
  An orc wizard (D:3)
  2 iguanas (D:4)
  3 worker ants
  A killer bee zombie (D:5)
  10 gnolls
  3 adders
  An ooze (D:3)
  5 worms
  4 dart slugs
  2 leopard geckos
  6 orcs
  3 giant cockroaches
  18 goblins
  7 hobgoblins
  8 jackals
  2 quokkas
  5 bats
  8 frilled lizards
  3 kobolds
  9 rats
107 creatures vanquished.

Vanquished Creatures (others)
  4 toadstools (D:1)
4 creatures vanquished.

Grand Total: 111 creatures vanquished

Notes
Turn   | Place    | Note
-------+----------+-------------------------------------------
     0 | D:1      | Supreme the Formicid Earth Elementalist began the quest for the Orb.
     0 | D:1      | Reached XP level 1. HP: 13/13 MP: 3/3
   265 | D:1      | Reached XP level 2. HP: 14/20 MP: 3/5
   269 | D:1      | Learned a level 2 spell: Passwall
   521 | D:1      | Reached skill level 2 in Dodging
   673 | D:1      | Reached XP level 3. HP: 25/25 MP: 4/6
   678 | D:1      | Learned a level 3 spell: Stone Arrow
   731 | D:1      | Reached skill level 1 in Fighting
   910 | D:1      | Reached skill level 3 in Stealth
  1021 | D:2      | Reached skill level 4 in Earth Magic
  1143 | D:2      | Reached XP level 4. HP: 27/32 MP: 5/8
  1655 | D:3      | Found a bloodstained altar of Trog.
  1829 | D:3      | Found an opulent altar of Gozag.
  1835 | D:3      | Found a stormy altar of Qazlal.
  1862 | D:3      | Reached XP level 5. HP: 35/38 MP: 9/9
  1942 | D:3      | Reached skill level 3 in Spellcasting
  2098 | D:3      | Reached skill level 2 in Fighting
  2509 | D:3      | Found an opulent altar of Gozag.
  2607 | D:3      | Reached XP level 6. HP: 39/44 MP: 7/10
  2610 | D:3      | Reached skill level 5 in Earth Magic
  2857 | D:3      | Reached skill level 4 in Stealth
  3101 | D:4      | Noticed an ogre
  3154 | D:4      | Got a fine trident
  3156 | D:4      | Identified the +3 trident "Kuerraaz" {pierce, Int+5} (You found it on level 4 of the Dungeon)
  3275 | D:4      | Learned a level 5 spell: Lee's Rapid Deconstruction
  3395 | D:4      | Found an ornate altar of the Wu Jian Council.
  3518 | D:4      | Reached skill level 3 in Dodging
  3518 | D:4      | Reached XP level 7. HP: 39/51 MP: 8/12
  3590 | D:5      | Entered Level 5 of the Dungeon
  3623 | D:5      | Found a large runed door.
  3623 | D:5      | Found a large runed door.
  3747 | D:5      | Found a large runed door.
  3747 | D:5      | Found a large runed door.
  3797 | D:5      | Noticed Edmund
  3919 | D:4      | Noticed Totori's ghost (amateur DEWz)
  4112 | D:5      | Reached skill level 3 in Fighting
  4172 | D:5      | Got a jewelled dagger
  4209 | D:5      | Found a sacrificial altar of Ru.
  4211 | D:5      | Found a shadowy altar of Dithmenos.
  4288 | D:5      | Reached skill level 6 in Earth Magic
  4395 | D:5      | Reached skill level 4 in Spellcasting
  4464 | D:5      | Noticed a dagger
  4464 | D:5      | Noticed a dagger
  4466 | D:5      | Found a hide-covered altar of Uskayaw.
  4527 | D:5      | Reached skill level 5 in Stealth
  4578 | D:5      | Identified the +5 dagger "Pouwnokh" {antimagic, rPois rN++ MR+ Int-2} (You found it on level 5 of the Dungeon)
  4622 | D:5      | Killed Edmund
  4622 | D:5      | Ouch! That really hurt!
  4622 | D:5      | Killed from afar by Edmund

Vault maps used:
D:1:      ldierk_water_garden
D:3:      lemuel_coloured_pillars_altar, amethyst_overflow_temple_binary,
          nicolae_gozag_cash_rules_everything_around_me
D:4:      lemuel_tele_altar
D:5:      dancing_weapons_uskayaw, marbit_many_paths,
          nicolae_overflow_hidden_temple, first_ration,
          minmay_hollow_rounded_squares, uniq_edmund

Skill      XL: |  1  2  3  4  5  6  7 |
---------------+----------------------+-----
Dodging        | 2 3 |  3.4
Fighting       | 1 2 3 |  3.4
Stealth        | 3 4 5 |  5.0
Earth Magic    | 4 5 6 |  6.4
Spellcasting   | 3 4 |  4.0
Transmutations | |  1.1

Action                   |  1- 3 |  4- 6 |  7- 9 || total
-------------------------+-------+-------+-------++-------
Melee: Unarmed           |    89 |       |       ||    89
       Dagger            |     8 |   117 |       ||   125
       Trident           |       |     5 |    30 ||    35
 Cast: Sandblast         |    23 |    73 |    17 ||   113
       Stone Arrow       |       |     7 |    18 ||    25
       Passwall          |       |       |     2 ||     2
  Use: Scroll            |       |       |     7 ||     7
       Potion            |       |       |     5 ||     5
 Stab: Sleeping          |     1 |     7 |     3 ||    11
       Distracted        |     1 |       |       ||     1
  Eat: Chunk             |     1 |    26 |     5 ||    32
Armor: Robe              |    25 |    21 |     1 ||    47
Dodge: Dodged            |    77 |    82 |    44 ||   203

Table legend:
 A = Spawn XP
 B = Non-spawn XP
 C = Spawn XP percentage of total XP
 D = Spawn monster count
 E = Non-spawn monster count
 F = Spawn count percentage of total count
 G = Total turns spent on level
                    A         B        C        D         E        F      G
               +---------+---------+-------+---------+---------+-------+---------
         Total |       0 |     996 |   0.0 |       0 |     107 |   0.0 |  4622
               +---------+---------+-------+---------+---------+-------+---------
           D:1 |       0 |      42 |   0.0 |       0 |      23 |   0.0 |  1017
           D:2 |       0 |      93 |   0.0 |       0 |      32 |   0.0 |   620
           D:3 |       0 |     230 |   0.0 |       0 |      29 |   0.0 |  1367
           D:4 |       0 |     154 |   0.0 |       0 |       9 |   0.0 |   696
           D:5 |       0 |     477 |   0.0 |       0 |      14 |   0.0 |   922
               +---------+---------+-------+---------+---------+-------+---------
